[Event "ICC Open 2015"]
[Site "Internet Chess Club"]
[Date "2015.05.30"]
[Round "9"]
[White "HPG1947"]
[Black "MrsPiggy"]
[Result "0-1"]
[ICCResult "White forfeits on time"]
[WhiteElo "1720"]
[BlackElo "1406"]
[Opening "Caro-Kann: advance variation"]
[ECO "B12"]
[NIC "CK.02"]
[Time "15:51:41"]
[TimeControl "180+0"]

1. d4 d5 2. e4 c6 3. e5 e6 4. Nf3 Ne7 5. c3 Nf5 6. Bd3 Nd7 7. O-O Nb6 8. Ng5
h6 9. Nh3 Nc4 10. b3 Nb6 11. a4 Nd7 12. Nf4 Be7 13. Qf3 Bg5 14. Nh5 O-O 15.
Ba3 Re8 16. Qg4 g6 17. Ng3 Nxg3 18. fxg3 Kg7 19. h4 Be7 20. Qf4 Rf8 21. Ra2
b6 22. Raf2 Qe8 23. Qg4 Bxa3 24. Nxa3 Qe7 25. Nc2 Bb7 26. Ne3 f6 27. Qxg6+
Kh8 28. Qxh6+ Kg8 29. Qg6+ Qg7 30. Qxg7+ Kxg7 31. exf6+ Nxf6
{White forfeits on time}
0-1

[Event "ICC Open 2015"]
[Site "Internet Chess Club"]
[Date "2015.05.30"]
[Round "10"]
[White "holderlin"]
[Black "Much-Acclaimed"]
[Result "1-0"]
[ICCResult "Black resigns"]
[WhiteElo "1738"]
[BlackElo "1921"]
[Opening "Pirc: classical (two knights) system"]
[ECO "B08"]
[NIC "PU.10"]
[Time "16:01:03"]
[TimeControl "180+0"]

1. e4 d6 2. d4 Nf6 3. Nc3 g6 4. Nf3 Bg7 5. Be3 O-O 6. Qd2 c6 7. O-O-O b5 8.
h4 b4 9. Nb1 Nxe4 10. Qe1 Qa5 11. a3 bxa3 12. Qxa5 {Black resigns} 1-0

[Event "ICC Open 2015"]
[Site "Internet Chess Club"]
[Date "2015.05.30"]
[Round "10"]
[White "LUCECOAGU"]
[Black "slothchess"]
[Result "1-0"]
[ICCResult "Black checkmated"]
[WhiteElo "2336"]
[BlackElo "1662"]
[Opening "Sicilian: dragon, classical, Grigoriev variation"]
[ECO "B72"]
[NIC "SI.16"]
[Time "16:01:04"]
[TimeControl "180+0"]

1. e4 c5 2. Nf3 d6 3. d4 cxd4 4. Nxd4 Nf6 5. Nc3 g6 6. Be3 Bg7 7. Qd2 Nc6 8.
Be2 O-O 9. O-O-O Bd7 10. h4 Rc8 11. h5 Ne5 12. Bh6 Nc4 13. Bxc4 Rxc4 14.
Bxg7 Kxg7 15. hxg6 fxg6 16. Qh6+ Kg8 17. Nd5 Nxe4 18. Qxh7# {Black
checkmated} 1-0

[Event "ICC Open 2015"]
[Site "Internet Chess Club"]
[Date "2015.05.30"]
[Round "10"]
[White "BigSerge"]
[Black "Sc6"]
[Result "1-0"]
[ICCResult "Black resigns"]
[WhiteElo "2009"]
[BlackElo "1717"]
[Opening "Sicilian: Smith-Morra gambit"]
[ECO "B21"]
[NIC "SI.48"]
[Time "16:00:53"]
[TimeControl "180+0"]

1. e4 c5 2. d4 cxd4 3. c3 d3 4. Bxd3 Nc6 5. Nf3 d6 6. c4 Nf6 7. h3 g6 8. Nc3
Bg7 9. Bg5 O-O 10. O-O Re8 11. Qd2 Bd7 12. Nd5 Nxd5 13. exd5 Ne5 14. Nxe5
Bxe5 15. f4 Qb6+ 16. Kh1 Qxb2 17. fxe5 Qxd2 18. Bxd2 dxe5 19. Rab1 b6 20.
Rfe1 f5 21. Rxe5 Rac8 22. Rbe1 e6 23. dxe6 Bc6 24. e7 Rc7 25. Bg5 a6 26. Re6
b5 27. cxb5 Bxb5 28. Bxb5 axb5 29. Rb6 Rc5 30. Rd1 Kf7 31. Rd8 Re5 32. Rxe8
Kxe8 33. Rb8+ Kf7 34. Rf8+ {Black resigns} 1-0

[Event "ICC Open 2015"]
[Site "Internet Chess Club"]
[Date "2015.05.30"]
[Round "10"]
[White "chesstempo2"]
[Black "VrloJakMK"]
[Result "0-1"]
[ICCResult "White checkmated"]
[WhiteElo "1975"]
[BlackElo "2251"]
[Opening "Old Benoni defense"]
[ECO "A46"]
[NIC "QP.06"]
[Time "16:00:50"]
[TimeControl "180+0"]

1. d4 Nf6 2. Nf3 c5 3. d5 b5 4. c4 Qa5+ 5. Bd2 b4 6. Qc2 d6 7. e4 Nbd7 8.
Bd3 g6 9. O-O Bg7 10. Be3 Ng4 11. Bf4 O-O 12. h3 Nge5 13. Nxe5 Nxe5 14. Bxe5
Bxe5 15. Nd2 Rb8 16. f4 Bd4+ 17. Kh1 Bd7 18. Nb3 Qb6 19. Nxd4 cxd4 20. b3
Rfc8 21. Rad1 e6 22. Qb2 exd5 23. exd5 Re8 24. Bb1 Re3 25. Rxd4 Rbe8 26. Rd2
Qd8 27. Kh2 Qh4 28. Rd3 Qg3+ 29. Kh1 Rxd3 30. Bxd3 Qxd3 31. Qf2 Re2 32. Qh4
Kg7 33. Qd8 Bxh3 34. Qh4 Bxg2+ 35. Kh2 Bxf1+ 36. Kg1 Rg2+ 37. Kh1 Qf3 38. f5
Rg1+ 39. Kxg1 Qg2# {White checkmated} 0-1

[Event "ICC Open 2015"]
[Site "Internet Chess Club"]
[Date "2015.05.30"]
[Round "10"]
[White "pasco84"]
[Black "Piranha"]
[Result "1-0"]
[ICCResult "Black checkmated"]
[WhiteElo "1774"]
[BlackElo "1705"]
[Opening "Sicilian: Smith-Morra gambit"]
[ECO "B21"]
[NIC "SI.48"]
[Time "16:02:12"]
[TimeControl "180+0"]

1. e4 c5 2. d4 cxd4 3. c3 dxc3 4. Nxc3 Nc6 5. Nf3 d6 6. Bc4 e6 7. O-O a6 8.
Qe2 Qc7 9. Rd1 Nf6 10. Bf4 Ne5 11. Bxe5 dxe5 12. Rac1 Qb8 13. Qd2 Be7 14.
Qg5 O-O 15. Nxe5 Nxe4 16. Qxe7 Nxc3 17. Rd8 Bd7 18. Qxf8# {Black checkmated}
1-0

[Event "ICC Open 2015"]
[Site "Internet Chess Club"]
[Date "2015.05.30"]
[Round "10"]
[White "born2die"]
[Black "f8"]
[Result "1-0"]
[ICCResult "Black resigns"]
[WhiteElo "1617"]
[BlackElo "1407"]
[Opening "King's pawn opening"]
[ECO "B07"]
[NIC "VO.17"]
[Time "16:00:52"]
[TimeControl "180+0"]

1. e4 d6 2. f4 Nf6 3. Nf3 Bg4 4. d3 g6 5. Be2 Bg7 6. c3 c5 7. O-O O-O 8. Be3
Nc6 9. Nbd2 Qc7 10. h3 Bxf3 11. Bxf3 e6 12. g4 Nd7 13. Bg2 Rad8 14. f5 exf5
15. gxf5 Nce5 16. Nf3 Nxf3+ 17. Qxf3 Ne5 18. Qe2 c4 19. d4 Nd3 20. f6 Bh8
21. b3 b5 22. a4 a6 23. axb5 axb5 24. Ra6 Ra8 25. Rfa1 Rxa6 26. Rxa6 Bxf6
27. Bh6 Bg7 28. Bxg7 Kxg7 29. Qg4 cxb3 30. Bf1 Qxc3 31. Qf3 Nb4 32. Qxc3
{Black resigns}
1-0

[Event "ICC Open 2015"]
[Site "Internet Chess Club"]
[Date "2015.05.30"]
[Round "10"]
[White "olimpioMD"]
[Black "jps7"]
[Result "0-1"]
[ICCResult "White resigns"]
[WhiteElo "1451"]
[BlackElo "1577"]
[Opening "QGD: 4.Bg5"]
[ECO "D50"]
[NIC "QO.16"]
[Time "16:01:01"]
[TimeControl "180+0"]

1. d4 d5 2. c4 e6 3. Nc3 Nf6 4. Bg5 a6 5. e4 dxe4 6. Nxe4 Be7 7. Nxf6+ Bxf6
8. Bxf6 Qxf6 9. Nf3 O-O 10. b3 b6 11. Be2 Bb7 12. O-O Nc6 13. d5 exd5 14.
cxd5 Ne5 15. Nxe5 Qxe5 16. Bf3 Rad8 17. Re1 Qd6 18. Qc2 Bxd5 19. Rad1 c6 20.
Bxd5 cxd5 21. h3 d4 22. Qd3 Qa3 23. Rd2 b5 24. Re4 Qc1+ 25. Kh2 Qc7+ 26. g3
Qc5 27. Rc2 Qb4 28. Rh4 g6 29. Rd2 Rfe8 30. Re4 Rxe4 31. Qxe4 Qxd2 32. Qb7
Qxf2+ 33. Kh1 Re8 34. Qg2 Re1+ 35. Kh2 Qxg2+ 36. Kxg2 Re2+ 37. Kf3 Rxa2 38.
Ke4 Rd2 39. b4 f5+ 40. Kd5 d3 {White resigns} 0-1

[Event "ICC Open 2015"]
[Site "Internet Chess Club"]
[Date "2015.05.30"]
[Round "10"]
[White "BoardLord"]
[Black "Prof-chess"]
[Result "0-1"]
[ICCResult "White checkmated"]
[WhiteElo "2242"]
[BlackElo "2681"]
[Opening "Caro-Kann: advance variation"]
[ECO "B12"]
[NIC "CK.04"]
[Time "16:01:05"]
[TimeControl "180+0"]

1. e4 c6 2. d4 d5 3. e5 Bf5 4. Be3 e6 5. Nd2 Nd7 6. Ngf3 Be7 7. c3 Nh6 8.
Bxh6 gxh6 9. h4 Rg8 10. g3 c5 11. Nb3 Qb6 12. Qd2 Be4 13. Bg2 O-O-O 14.
O-O-O c4 15. Na1 Qa5 16. a3 Nb6 17. Nc2 Na4 18. Nfe1 Qb5 19. Nb4 a5 20. Bxe4
axb4 21. Bxh7 bxc3 22. Qc2 cxb2+ 23. Kb1 Bxa3 24. Bxg8 Rxg8 25. g4 Rxg4 26.
Rh3 Bb4 27. Re3 Qa5 28. Nf3 Nc3+ 29. Kxb2 Qa3# {White checkmated} 0-1

[Event "ICC Open 2015"]
[Site "Internet Chess Club"]
[Date "2015.05.30"]
[Round "10"]
[White "rovov"]
[Black "rookfish"]
[Result "1-0"]
[ICCResult "Black resigns"]
[WhiteElo "1596"]
[BlackElo "1196"]
[Opening "Réti: advance variation"]
[ECO "A09"]
[NIC "QP.09"]
[Time "16:01:15"]
[TimeControl "180+0"]

1. Nf3 d5 2. c4 d4 3. d3 c5 4. Nbd2 e6 5. g3 Be7 6. Bg2 Bd7 7. Ne5 Nf6 8.
Bxb7 Nc6 9. Nxc6 Bxc6 10. Bxc6+ Kf8 11. Bxa8 Qxa8 12. O-O Ng4 13. Nf3 g6 14.
e3 h5 15. exd4 h4 16. Nxh4 Bxh4 17. Qxg4 f5 18. Qxg6 Bxg3 19. fxg3 Ke7 20.
Bg5+ Kd6 21. dxc5+ Kxc5 22. Qxe6 {Black resigns} 1-0

[Event "ICC Open 2015"]
[Site "Internet Chess Club"]
[Date "2015.05.30"]
[Round "10"]
[White "Mardaker"]
[Black "Discoverchess"]
[Result "0-1"]
[ICCResult "White resigns"]
[WhiteElo "2676"]
[BlackElo "2516"]
[Opening "Réti: King's Indian attack (Barcza system)"]
[ECO "A07"]
[NIC "QP.09"]
[Time "16:02:03"]
[TimeControl "180+0"]

1. Nf3 d5 2. g3 Bg4 3. d4 Nd7 4. Ne5 Nxe5 5. dxe5 c6 6. Bg2 e6 7. Qd4 Bh5 8.
c4 Ne7 9. Nc3 Bg6 10. e4 dxe4 11. Qxd8+ Rxd8 12. Nxe4 Bxe4 13. Bxe4 Rd4 14.
f3 Rxc4 15. b3 Rc5 16. f4 Nd5 17. Bd2 Be7 18. Ke2 O-O 19. Rhc1 Rxc1 20. Rxc1
Ba3 21. Rc4 Rd8 22. Ba5 Rd7 23. Bd2 h6 24. g4 Be7 25. f5 Nb6 26. Rc1 Rd4 27.
Ke3 c5 28. Bc3 Bg5+ {White resigns} 0-1

[Event "ICC Open 2015"]
[Site "Internet Chess Club"]
[Date "2015.05.30"]
[Round "10"]
[White "Sunbear"]
[Black "bjerky"]
[Result "1-0"]
[ICCResult "Black resigns"]
[WhiteElo "1958"]
[BlackElo "1637"]
[Opening "Scandinavian (center counter) defense"]
[ECO "B01"]
[NIC "VO.17"]
[Time "16:01:28"]
[TimeControl "180+0"]

1. e4 d5 2. Nc3 dxe4 3. Nxe4 Nf6 4. Nxf6+ exf6 5. f4 Bd6 6. Nf3 Bxf4 7. Bc4
O-O 8. O-O Bg4 9. c3 c5 10. h3 Bh5 11. d4 Nc6 12. Bxf4 cxd4 13. cxd4 Bxf3
14. Qxf3 Nxd4 15. Qd3 Ne6 16. Bd6 Re8 17. Rad1 Qb6+ 18. Kh1 Rad8 19. Qg3
Qxb2 20. Ba3 Qe5 21. Qg4 Nd4 22. Rfe1 Qc7 23. Rxe8+ Rxe8 24. Qxd4 g6 25.
Qxf6 Qxc4 26. Bb2 {Black resigns} 1-0

[Event "ICC Open 2015"]
[Site "Internet Chess Club"]
[Date "2015.05.30"]
[Round "10"]
[White "jefferyx"]
[Black "druskacik"]
[Result "1-0"]
[ICCResult "Black resigns"]
[WhiteElo "2848"]
[BlackElo "2476"]
[Opening "Polish: Outflank variation"]
[ECO "A00"]
[NIC "VO.10"]
[Time "16:01:09"]
[TimeControl "180+0"]

1. b4 c6 2. Bb2 a5 3. a3 axb4 4. axb4 Rxa1 5. Bxa1 Qb6 6. Bc3 Nf6 7. e3 Nd5
8. Bd4 Qxb4 9. c4 Nf6 10. Nf3 e6 11. Bd3 Be7 12. g4 h6 13. Rg1 d5 14. g5
hxg5 15. Rxg5 dxc4 16. Bc2 g6 17. Nc3 Rh5 18. Rxg6 e5 19. Nxe5 fxg6 20.
Bxg6+ Kd8 21. Bxh5 c5 22. Nf7+ Kd7 23. Bg4+ Nxg4 24. Qxg4+ Ke8 25. Qg8+ Kd7
26. Ne5+ Kc7 27. Nd5+ Kd6 28. Nxb4 {Black resigns} 1-0

[Event "ICC Open 2015"]
[Site "Internet Chess Club"]
[Date "2015.05.30"]
[Round "10"]
[White "RobbieWilliams"]
[Black "lagarto300"]
[Result "1-0"]
[ICCResult "Black checkmated"]
[WhiteElo "1772"]
[BlackElo "1953"]
[Opening "Pirc defense"]
[ECO "B07"]
[NIC "PU.04"]
[Time "16:01:53"]
[TimeControl "180+0"]

1. d4 Nf6 2. Nc3 d6 3. e4 g6 4. f3 Bg7 5. Be3 b6 6. Qd2 h6 7. O-O-O c5 8.
Kb1 cxd4 9. Bxd4 Nc6 10. Be3 Bd7 11. g4 a6 12. h4 b5 13. Nd5 Nxd5 14. Qxd5
Rc8 15. h5 g5 16. Ne2 Be6 17. Qd2 Na5 18. b3 Qc7 19. Bd4 Kf8 20. Rh2 Rb8 21.
Bxg7+ Kxg7 22. Nd4 Bd7 23. Nf5+ Bxf5 24. exf5 Nc4 25. Bxc4 bxc4 26. f4 c3
27. Qe3 Qa5 28. fxg5 Qa3 29. gxh6+ Rxh6 30. Qxc3+ f6 31. Re2 Rb7 32. Rde1
Kf8 33. Qc8+ Kf7 34. Qxb7 a5 35. Qxe7+ Kg8 36. Qe8+ Kh7 37. Re7#
{Black checkmated}
1-0

[Event "ICC Open 2015"]
[Site "Internet Chess Club"]
[Date "2015.05.30"]
[Round "10"]
[White "AlexSlizhevsky"]
[Black "flinkfinger"]
[Result "1-0"]
[ICCResult "Black resigns"]
[WhiteElo "2056"]
[BlackElo "2306"]
[Opening "French: classical, Steinitz variation"]
[ECO "C14"]
[NIC "FR.06"]
[Time "16:00:55"]
[TimeControl "180+0"]

1. e4 e6 2. d4 d5 3. Nc3 Nf6 4. Bg5 Be7 5. e5 Nfd7 6. Bxe7 Qxe7 7. f4 a6 8.
Nf3 Nc6 9. Bd3 b5 10. O-O Nb6 11. Ne2 Bd7 12. b3 Nb4 13. c3 Nxd3 14. Qxd3 c5
15. Qe3 cxd4 16. cxd4 O-O 17. Rfc1 Rac8 18. Rc5 Rxc5 19. dxc5 Nc8 20. Rc1
Na7 21. Ned4 Bc6 22. f5 exf5 23. Nxf5 Qd8 24. Qf4 d4 25. N3xd4 Bd5 26. c6
Qb6 27. Qg5 g6 28. Kh1 Re8 29. Nh6+ Kg7 30. Qf6+ Kf8 31. Qd6+ Kg7 32. Ndf5+
gxf5 33. Nxf5+ Kg8 34. Qf6 {Black resigns} 1-0

[Event "ICC Open 2015"]
[Site "Internet Chess Club"]
[Date "2015.05.30"]
[Round "10"]
[White "cap78red"]
[Black "Bundestrainer"]
[Result "0-1"]
[ICCResult "White checkmated"]
[WhiteElo "1429"]
[BlackElo "1832"]
[Opening "English opening"]
[ECO "A10"]
[NIC "EO.22"]
[Time "16:01:09"]
[TimeControl "180+0"]

1. c4 d6 2. Nc3 e5 3. e4 Nf6 4. d3 Be7 5. f4 O-O 6. Nf3 Nbd7 7. f5 c6 8. Be2
d5 9. O-O dxc4 10. dxc4 Nc5 11. Be3 Ncxe4 12. Nxe4 Nxe4 13. Qxd8 Rxd8 14.
Nxe5 Bf6 15. Bf3 Bxe5 16. Bxe4 Bxb2 17. Rad1 Re8 18. Bg5 f6 19. Bc1 Bxc1 20.
Rxc1 Rxe4 21. Rfe1 Bxf5 22. Rxe4 Bxe4 23. c5 b5 24. cxb6 axb6 25. Ra1 b5 26.
a3 b4 27. a4 b3 28. Ra3 b2 29. Rb3 b1=Q+ 30. Rxb1 Bxb1 31. Kf2 Rxa4 32. g3
Ra3 33. h4 Be4 34. h5 c5 35. Ke2 c4 36. g4 c3 37. Kd1 c2+ 38. Kc1 Ra1+ 39.
Kd2 c1=Q+ 40. Ke2 Qe1# {White checkmated} 0-1

[Event "ICC Open 2015"]
[Site "Internet Chess Club"]
[Date "2015.05.30"]
[Round "10"]
[White "esk"]
[Black "ehkopean"]
[Result "1-0"]
[ICCResult "Black resigns"]
[WhiteElo "1900"]
[BlackElo "1752"]
[Opening "Dutch"]
[ECO "A80"]
[NIC "HD.12"]
[Time "16:01:26"]
[TimeControl "180+0"]

1. d4 f5 2. Nc3 Nf6 3. Bg5 e6 4. e4 fxe4 5. Nxe4 Be7 6. Bxf6 Bxf6 7. Nf3 O-O
8. Qd2 d5 9. Nxf6+ Qxf6 10. O-O-O Bd7 11. Bd3 Nc6 12. c3 Qf4 13. Rhe1 Rae8
14. Qxf4 Rxf4 15. Re2 Nd8 16. Ne5 Bc8 17. g3 Rf6 18. f4 Ref8 19. Ng4 R6f7
20. Ne5 Rf6 21. Bb5 c6 22. Bd3 Nf7 23. Ng4 Nh6 24. Nxf6+ Rxf6 25. Rde1 Nf7
26. h3 Nd6 27. b3 h5 28. c4 b6 29. c5 bxc5 30. dxc5 Nf7 31. b4 Nh6 32. a4
Nf5 33. Bxf5 Rxf5 34. Re5 g6 35. Rxf5 gxf5 36. b5 Bd7 37. b6 axb6 38. cxb6
Bc8 39. Rxe6 {Black resigns} 1-0

[Event "ICC Open 2015"]
[Site "Internet Chess Club"]
[Date "2015.05.30"]
[Round "10"]
[White "yaguaro"]
[Black "Hareaum"]
[Result "1-0"]
[ICCResult "Black checkmated"]
[WhiteElo "1982"]
[BlackElo "1736"]
[Opening "Benko's opening"]
[ECO "A00"]
[NIC "VO.09"]
[Time "16:02:08"]
[TimeControl "180+0"]

1. g3 Nc6 2. Bg2 b6 3. d3 Bb7 4. e4 g6 5. Nf3 Bg7 6. O-O Nf6 7. Nc3 O-O 8.
h3 d6 9. Be3 e5 10. Qd2 Ne7 11. Bh6 Re8 12. Bxg7 Kxg7 13. Kh2 h6 14. Nh4 Nh7
15. f4 exf4 16. Qxf4 Rf8 17. Nd5 Nxd5 18. exd5 g5 19. Nf5+ Kg6 20. Qd4 f6
21. Be4 Kf7 22. Nxh6+ Ke7 23. Bxh7 Kd7 24. Bf5+ Ke8 25. Rae1+ Qe7 26. Rxe7+
Kxe7 27. Re1+ Kd8 28. Qe4 Re8 29. Nf7# {Black checkmated} 1-0

[Event "ICC Open 2015"]
[Site "Internet Chess Club"]
[Date "2015.05.30"]
[Round "10"]
[White "klodshans"]
[Black "leonardoalmeida"]
[Result "0-1"]
[ICCResult "White resigns"]
[WhiteElo "1632"]
[BlackElo "1848"]
[Opening "Queen's pawn"]
[ECO "A40"]
[NIC "QO.17"]
[Time "16:01:31"]
[TimeControl "180+0"]

1. d4 e6 2. Bf4 c5 3. e3 cxd4 4. exd4 Nf6 5. Nf3 Be7 6. Nbd2 a6 7. Bd3 b5 8.
c3 Bb7 9. Qc2 O-O 10. Ng5 g6 11. f3 d6 12. h4 Nh5 13. Bh2 Bxg5 14. hxg5 Qxg5
15. O-O-O Nf4 16. Bxf4 Qxf4 17. Kb1 Nd7 18. Rh3 Nf6 19. g3 Qe3 20. Rdh1 Rac8
21. Ne4 Bxe4 22. fxe4 b4 23. e5 dxe5 24. dxe5 Nh5 25. Rxh5 gxh5 26. Bxh7+
Kg7 27. Rxh5 bxc3 28. bxc3 Rxc3 29. Qb2 Qe1+ {White resigns} 0-1

[Event "ICC Open 2015"]
[Site "Internet Chess Club"]
[Date "2015.05.30"]
[Round "10"]
[White "toll"]
[Black "pagoda"]
[Result "0-1"]
[ICCResult "White resigns"]
[WhiteElo "1716"]
[BlackElo "1932"]
[Opening "Polish (Sokolsky) opening"]
[ECO "A00"]
[NIC "VO.10"]
[Time "16:01:26"]
[TimeControl "180+0"]

1. b4 a5 2. b5 b6 3. Bb2 Bb7 4. c4 e6 5. e3 Nf6 6. Nf3 Be7 7. Be2 O-O 8. O-O
d5 9. d4 Nbd7 10. Nbd2 dxc4 11. Bxc4 Ne4 12. a4 Ndf6 13. Qb3 Nxd2 14. Nxd2
Bd6 15. Ba3 Bxh2+ 16. Kxh2 Ng4+ 17. Kg3 Qg5 18. Nf3 Bxf3 19. Kxf3 Nh2+ 20.
Ke2 Qh5+ 21. f3 Nxf1 22. Rxf1 Rfd8 23. Bd3 e5 24. d5 Kh8 25. Qb1 h6 26. Rh1
Qg5 27. e4 Qxg2+ 28. Ke3 f5 29. Bf1 f4+ 30. Kd3 Qxf3+ 31. Kd2 Qxh1
{White resigns}
0-1

[Event "ICC Open 2015"]
[Site "Internet Chess Club"]
[Date "2015.05.30"]
[Round "10"]
[White "NAS"]
[Black "noyb"]
[Result "0-1"]
[ICCResult "White resigns"]
[WhiteElo "1734"]
[BlackElo "2018"]
[Opening "Caro-Kann: classical variation"]
[ECO "B18"]
[NIC "CK.10"]
[Time "16:01:32"]
[TimeControl "180+0"]

1. e4 c6 2. d4 d5 3. Nc3 dxe4 4. Nxe4 Bf5 5. Ng3 Bg6 6. Nf3 Nd7 7. Bd3 e5 8.
Bxg6 hxg6 9. dxe5 Qa5+ 10. Bd2 Qb5 11. Qe2 O-O-O 12. Qxb5 cxb5 13. O-O-O Ne7
14. Ba5 b6 15. Bc3 Nc6 16. Rhe1 b4 17. Bd4 Nxd4 18. Nxd4 Kb7 19. Nb5 Bc5 20.
Nd6+ Bxd6 21. exd6 Rxh2 22. Re7 Kc6 23. Rxf7 Rxg2 24. Rxg7 Rxf2 25. Rxg6 Ne5
26. Re6 Nc4 27. d7+ Kc7 28. Ne4 Re2 29. b3 Na3 30. Rd2 Re1+ 31. Rd1 Rxd1+
32. Kxd1 Rxd7+ 33. Ke2 Nxc2 34. Nd2 Nd4+ {White resigns} 0-1

[Event "ICC Open 2015"]
[Site "Internet Chess Club"]
[Date "2015.05.30"]
[Round "10"]
[White "wagnerbi"]
[Black "saira"]
[Result "1-0"]
[ICCResult "Black checkmated"]
[WhiteElo "1932"]
[BlackElo "1789"]
[Opening "QGD: Albin counter-gambit, 5.g3"]
[ECO "D09"]
[NIC "QG.02"]
[Time "16:01:59"]
[TimeControl "180+0"]

1. d4 d5 2. c4 e5 3. dxe5 d4 4. Nf3 Nc6 5. g3 Bg4 6. Nbd2 Qd7 7. h3 Bh5 8.
g4 Bg6 9. Bg2 d3 10. e4 O-O-O 11. O-O Re8 12. Qa4 Kb8 13. b4 Nxe5 14. Qb3 f6
15. Nxe5 fxe5 16. b5 h5 17. g5 h4 18. a4 Be7 19. Nf3 Qe6 20. Bb2 Bxe4 21.
Rfe1 Bxf3 22. Bxf3 Qf5 23. Bg2 Qxg5 24. Bxe5 Nf6 25. b6 axb6 26. Qxb6 Bd6
27. Qxb7# {Black checkmated} 1-0

[Event "ICC Open 2015"]
[Site "Internet Chess Club"]
[Date "2015.05.30"]
[Round "10"]
[White "Cinzento"]
[Black "Meditator"]
[Result "0-1"]
[ICCResult "White resigns"]
[WhiteElo "1780"]
[BlackElo "2215"]
[Opening "Sicilian: Scheveningen variation"]
[ECO "B80"]
[NIC "SI.19"]
[Time "16:02:27"]
[TimeControl "180+0"]

1. e4 c5 2. Nf3 d6 3. d4 cxd4 4. Nxd4 Nf6 5. Nc3 e6 6. Bg5 h6 7. Bh4 a6 8.
Qd3 Nbd7 9. f3 Be7 10. O-O-O Qc7 11. Bg3 Ne5 12. Qd2 b5 13. a3 O-O 14. Bf4
Rb8 15. g4 b4 16. axb4 Rxb4 17. g5 hxg5 18. Bxg5 Rxd4 19. Qxd4 Nxf3 20. Qe3
Nxg5 21. Qxg5 Nxe4 22. Qe3 Bg5 {White resigns} 0-1

[Event "ICC Open 2015"]
[Site "Internet Chess Club"]
[Date "2015.05.30"]
[Round "10"]
[White "Chisel"]
[Black "Sjelan"]
[Result "0-1"]
[ICCResult "White resigns"]
[WhiteElo "1873"]
[BlackElo "2202"]
[Opening "Caro-Kann: Rasa-Studier gambit"]
[ECO "B15"]
[NIC "CK.05"]
[Time "16:01:48"]
[TimeControl "180+0"]

1. e4 c6 2. Nc3 d5 3. d4 dxe4 4. f3 Nf6 5. fxe4 Bg4 6. Nf3 e6 7. Be3 Be7 8.
Bc4 b5 9. Bd3 b4 10. Nb1 Nbd7 11. Nbd2 c5 12. c3 bxc3 13. bxc3 cxd4 14. cxd4
O-O 15. O-O Bh5 16. Qe1 Bg6 17. Nh4 Ng4 18. Nxg6 hxg6 19. Bf4 Nc5 20. Be2
Qxd4+ 21. Kh1 Ne3 22. Bxe3 Qxe3 23. Rf3 Qd4 24. Rd1 Rad8 25. Nb3 Qe5 26.
Nxc5 Bxc5 27. Qh4 Rxd1+ 28. Bxd1 g5 29. Qh5 g6 30. Qg4 Rd8 31. Be2 Rd2 32.
Rb3 Qa1+ {White resigns} 0-1

[Event "ICC Open 2015"]
[Site "Internet Chess Club"]
[Date "2015.05.30"]
[Round "10"]
[White "BlueJ"]
[Black "MD1"]
[Result "1-0"]
[ICCResult "Black resigns"]
[WhiteElo "2164"]
[BlackElo "1681"]
[Opening "QGD: Marshall defense"]
[ECO "D06"]
[NIC "QP.08"]
[Time "16:01:50"]
[TimeControl "180+0"]

1. d4 d5 2. c4 Nf6 3. cxd5 Nxd5 4. e4 Nf6 5. Nc3 e6 6. Nf3 Be7 7. Bd3 O-O 8.
O-O b6 9. e5 Nd5 10. Qe2 Bb7 11. Qe4 g6 12. Bh6 f5 13. exf6 Rxf6 14. Bg5 Rf7
15. Bxe7 Qxe7 16. Rfe1 Bc8 17. Nxd5 Qd6 18. Nf6+ Kh8 19. Qxa8 Rxf6 20. Qxb8
Qd7 21. Ne5 Qe8 22. Rac1 Kg7 23. Rxc7+ Kh6 24. Rxc8 {Black resigns} 1-0

[Event "ICC Open 2015"]
[Site "Internet Chess Club"]
[Date "2015.05.30"]
[Round "10"]
[White "johnny197"]
[Black "Schack"]
[Result "0-1"]
[ICCResult "White resigns"]
[WhiteElo "1397"]
[BlackElo "1635"]
[Opening "Grünfeld with e3 & Bd3"]
[ECO "D80"]
[NIC "GI.03"]
[Time "16:02:24"]
[TimeControl "180+0"]

1. d4 Nf6 2. c4 g6 3. Nc3 d5 4. e3 Bg7 5. Bd3 O-O 6. Nf3 c6 7. O-O dxc4 8.
Bxc4 Bg4 9. h3 Bxf3 10. Qxf3 Nbd7 11. d5 Nb6 12. Bb3 Nbxd5 13. Rd1 Qc7 14.
Nxd5 Nxd5 15. Bxd5 cxd5 16. Rxd5 Rfd8 17. Rxd8+ Rxd8 18. Qe2 Qa5 19. Bd2 Qb6
20. Rb1 Qd6 21. Be1 Qd5 22. b3 Qd3 23. Qxd3 Rxd3 24. Rc1 h5 25. Rc7 Rd1 26.
Kf1 Be5 27. Ke2 Rxe1+ 28. Kxe1 Bxc7 29. Ke2 f5 {White resigns} 0-1

[Event "ICC Open 2015"]
[Site "Internet Chess Club"]
[Date "2015.05.30"]
[Round "10"]
[White "JArookie"]
[Black "fearlessone"]
[Result "1-0"]
[ICCResult "Black checkmated"]
[WhiteElo "1937"]
[BlackElo "1690"]
[Opening "Scandinavian (center counter) defense"]
[ECO "B01"]
[NIC "VO.17"]
[Time "16:01:06"]
[TimeControl "180+0"]

1. e4 d5 2. exd5 e6 3. dxe6 Bxe6 4. Nf3 Nf6 5. Be2 c6 6. O-O Bd6 7. Re1 Qc7
8. Bc4 Ng4 9. Bxe6 Bxh2+ 10. Kf1 Qb6 11. Bxg4+ Kf8 12. Nxh2 h5 13. Qe2 Na6
14. Qe7+ Kg8 15. Bf5 Qb5+ 16. Bd3 Qc5 17. Bxa6 Qxe7 18. Rxe7 bxa6 19. Nc3
Kf8 20. Rc7 Rh6 21. d3 Re6 22. Be3 Rae8 23. Bxa7 g5 24. Ne4 g4 25. Ng3 h4
26. Nf5 g3 27. Ng4 gxf2 28. Bc5+ Kg8 29. Kxf2 Rg6 30. Ngh6+ Kh7 31. Nxf7 Kg8
32. N7h6+ Rxh6 33. Nxh6+ Kh8 34. Bd4+ Re5 35. Bxe5# {Black checkmated} 1-0

[Event "ICC Open 2015"]
[Site "Internet Chess Club"]
[Date "2015.05.30"]
[Round "10"]
[White "Steingrim89"]
[Black "BishopStars"]
[Result "1-0"]
[ICCResult "Black checkmated"]
[WhiteElo "1587"]
[BlackElo "1304"]
[Opening "Queen's pawn game"]
[ECO "A46"]
[NIC "QP.06"]
[Time "16:01:24"]
[TimeControl "180+0"]

1. d4 Nf6 2. Nf3 c5 3. Bf4 cxd4 4. Nxd4 d6 5. Nf3 Nc6 6. e3 Bg4 7. c3 Rc8 8.
Be2 g6 9. h3 Be6 10. Nbd2 Bg7 11. O-O O-O 12. Rc1 a6 13. Nd4 Nxd4 14. cxd4
Bxa2 15. Qa4 Bd5 16. Bd3 Bc6 17. Qa3 Nd5 18. Bg3 Nc7 19. b4 Nb5 20. Bxb5
Bxb5 21. Rfe1 Qd7 22. Qa5 Rc6 23. Rxc6 Bxc6 24. Nb3 Rc8 25. Rc1 Qe6 26. d5
Qxd5 27. Qxd5 Bxd5 28. Rxc8+ Bf8 29. Na5 b6 30. Nc6 Bxc6 31. Rxc6 a5 32.
bxa5 bxa5 33. Ra6 e5 34. Rxa5 f5 35. Ra8 Kf7 36. f4 Be7 37. fxe5 d5 38. Bf4
Bc5 39. Ra5 Bb4 40. Rxd5 Ke6 41. Rd6+ Ke7 42. Rb6 Bc5 43. Rb7+ Ke6 44. Rxh7
g5 45. Bxg5 Kxe5 46. Bf4+ Ke4 47. Rh5 Bxe3+ 48. Bxe3 Kxe3 49. Rxf5 Ke2 50.
g4 Ke1 51. g5 Ke2 52. g6 Ke1 53. g7 Ke2 54. g8=Q Ke1 55. Qe6+ Kd2 56. Rd5+
Kc3 57. Qc6+ Kb4 58. Rb5+ Ka4 59. Qa6# {Black checkmated} 1-0